 Dungeon Crawl Stone Soup version 0.27.0-66-gdc8fb28755 (webtiles) character file.

Game seed: 11577857546741026863

9 Thatpatchoflichen the Insei (level 2, 0/18 HPs)
             Began as an Octopode Transmuter on Aug 20, 2021.
             Slain by a rat (2 damage)
             ... on level 1 of the Dungeon.
             The game lasted 00:01:19 (79 turns).

Thatpatchoflichen the Insei (Octopode Transmuter)     Turns: 79, Time: 00:01:20

Health: 0/18       AC:  1    Str:  9    XL:     2   Next: 12%
Magic:  5/5        EV: 13    Int: 15    God:
Gold:   0          SH:  0    Dex: 12    Spells: 4/5 levels left

rFire    . . .     SeeInvis .     - Unarmed
rCold    . . .     Faith    .   (no shield)
rNeg     . . .     Spirit   .   (helmet restricted)
rPois    .         Reflect  .   (no amulet)
rElec    .         Harm     .   (no ring)
rCorr    .         Rampage  .   (no ring)
Will     .....                  (no ring)
Stlth    ++........             (no ring)
HPRegen  0.06/turn              (no ring)
MPRegen  0.09/turn              (no ring)
                                (no ring)
                                (no ring)

@: no status effects
A: almost no armour, amphibious, 8 rings, camouflage 1, gelatinous body 1,
(nimble swimmer 1), tentacles
a: no special abilities


You were on level 1 of the Dungeon.
You visited 1 branch of the dungeon, and saw 1 of its levels.

Inventory:

Hand Weapons
 b - a +0 dagger of speed
Missiles
 c - 18 stones
 d - 27 arrows
Potions
 a - a potion of haste {unknown}


   Skills:
 - Level 1.0 Fighting
 - Level 2.0 Dodging
 - Level 3.0 Unarmed Combat
 - Level 2.0 Spellcasting
 + Level 2.8 Transmutations


You had 4 spell levels left.
You knew the following spells:

 Your Spells              Type           Power      Damage    Failure   Level
a - Beastly Appendage     Tmut           18%        N/A       7%          1

Your spell library contained the following spells:

 Spells                   Type           Power      Damage    Failure   Level
 Wereblood                Tmut           9%         N/A       11%         2
 Spider Form              Tmut/Pois      2%         N/A       36%         3
 Ice Form                 Ice/Tmut       5%         N/A       77%         4


Dungeon Overview and Level Annotations

Branches:
Dungeon (1/15)

Altars:


Innate Abilities, Weirdness & Mutations

You cannot wear most types of armour.
You are amphibious.
You can wear up to eight rings at the same time.
Your skin changes colour to match your surroundings (Stealth+).
Your rubbery body absorbs attacks. (AC +1, EV +1)
((You are camouflaged near water. (Stealth+)))
You have tentacles for arms and can constrict up to eight enemies at once.


Message History

You see here a +0 dagger.
A rat comes into view.
The rat moves out of view.
The ball python bites you but does no damage.
The ball python grabs you. The ball python constricts you.
The ball python completely misses you. The ball python constricts you.
The frilled lizard bites you.
You escape the ball python's grasp.
Your tentacle spike disappears.
The frilled lizard bites you. The ball python closely misses you.
The ball python barely misses you. The frilled lizard bites you.
The ball python barely misses you. The ball python misses you.
The ball python misses you. The ball python grabs you.
The ball python constricts you.
The frilled lizard completely misses you.
You tentacle-slap the ball python. Your grab misses the ball python.
The ball python is severely wounded.
The ball python bites you. The ball python constricts you.
* * * LOW HITPOINT WARNING * * *
The frilled lizard closely misses you.
You closely miss the ball python. Your grab misses the ball python.
The ball python is heavily wounded.
The ball python bites you.
* * * LOW HITPOINT WARNING * * *
The ball python constricts you.
* * * LOW HITPOINT WARNING * * *
The frilled lizard bites you.
* * * LOW HITPOINT WARNING * * *
You tentacle-slap the ball python.
You kill the ball python!
The rat twitches its whiskers.
You miss the frilled lizard. Your grab misses the frilled lizard.
The frilled lizard misses you.
You tentacle-slap the frilled lizard.
You kill the frilled lizard!
You tentacle-slap the rat. Your grab misses the rat.
The rat is moderately wounded.
The rat bites you.
You die...

##........###.
#.............
#...........#
#...).......#
#...........#
#..........#
#.....r..#
##.....@..##
#......†...#
#..........#
#..)$.)....##
#...........#
#.....†.....#
##........#.#
##......##.####
######.##....#
.#


You could see a rat.

Vanquished Creatures
  A ball python (D:1)
  An endoplasm (D:1)
  2 goblins (D:1)
  A hobgoblin (D:1)
  A kobold (D:1)
  A frilled lizard (D:1)
7 creatures vanquished.

Notes
Turn   | Place    | Note
-------+----------+-------------------------------------------
     0 | D:1      | Thatpatchoflichen the Octopode Transmuter began the quest
                  | for the Orb.
     0 | D:1      | Reached XP level 1. HP: 13/13 MP: 3/3
    67 | D:1      | Reached XP level 2. HP: 13/18 MP: 3/5
    79 | D:1      | Slain by a rat

Illustrated notes

Levels and vault maps discovered:
D:1:      nicolae_arrival_memento_mori, layout_rooms

Action                   || total
-------------------------++-------
Melee: Unarmed           ||    14
       Kick              ||     3
       Constrict         ||     2
       Tentacles         ||     1
 Cast: Beastly Appendage ||     2
Armor: Skin              ||     2
Dodge: Dodged            ||    10
